 Dungeon Crawl Stone Soup version 0.25.0-10-g039870ee82 (webtiles) character file.

Game seed: 6412232082052976794

123 Matador8 the Charmwright (level 5, 0/45 HPs)
             Began as a Naga Skald on June 22, 2020.
             Slain by a goblin
             ... wielding a +0 club
             ... led by Robin
              (8 damage)
             ... on level 3 of the Dungeon.
             The game lasted 00:11:16 (2618 turns).

Matador8 the Charmwright (Naga Skald)               Turns: 2618, Time: 00:11:16

Health: 0/45       AC:  3    Str: 13    XL:     5   Next: 7%
Magic:  3/8        EV:  9    Int: 15    God:
Gold:   125        SH:  0    Dex: 10    Spells: 2/8 levels left

rFire    . . .     SeeInvis +   a - +0 spear
rCold    . . .     Gourm    .   (no shield)
rNeg     . . .     Faith    .   b - +0 leather armour
rPois    +         Spirit   .   (no helmet)
rElec    .         Reflect  .   (no cloak)
rCorr    .         Harm     .   (no gloves)
MR       .....                  (no barding)
Stlth    ++........             (no amulet)
HPRegen  0.15/turn              (no ring)
MPRegen  0.11/turn              (no ring)

@: mighty, very slow
A: large, see invisible, deformed body, poison resistance, slowness 2, slow
metabolism 1, spit poison 1, AC +1
a: Spit Poison


You were on level 3 of the Dungeon.
You were hungry.

You visited 1 branch of the dungeon, and saw 3 of its levels.

You collected 125 gold pieces.

Inventory:

Hand Weapons
 a - a +0 spear (weapon)
Missiles
 l - a throwing net (quivered)
Armour
 b - a +0 leather armour (worn)
 f - a +0 ring mail
 k - a +2 pair of gloves
 m - a +0 scale mail
Jewellery
 t - an uncursed ring of protection from magic {unknown}
 w - an uncursed amulet of reflection {unknown}
Scrolls
 c - 4 scrolls of magic mapping
 h - a scroll of amnesia {unknown}
 i - a scroll of random uselessness {unknown}
 n - 3 scrolls of teleportation {unknown}
 o - a scroll of immolation {unknown}
 p - 5 scrolls of remove curse {unknown}
 q - 4 scrolls of identify
 u - a scroll of fog {unknown}
 v - a scroll of enchant weapon {unknown}
Potions
 e - a potion of resistance {unknown}
 g - a potion of might
 j - 2 potions of stabbing {unknown}
Comestibles
 d - 7 rations
 s - a chunk of flesh


   Skills:
 - Level 2.0 Fighting
 + Level 3.2 Polearms
 - Level 0.7 Armour
 - Level 1.5 Dodging
 - Level 2.8 Stealth
 - Level 2.0 Spellcasting
 + Level 0.0 Hexes
 - Level 4.0 Charms
 + Level 1.6 Translocations


You had 2 spell levels left.
You knew the following spells:

 Your Spells              Type           Power        Failure   Level  Hunger
a - Infusion              Chrm           ##..         5%          1    #......
b - Shroud of Golubria    Chrm/Tloc      #.....       14%         2    ###....
c - Spectral Weapon       Hex/Chrm       #.......     36%         3    ###....

Your spell library contained the following spells:

 Spells                   Type           Power        Failure   Level  Hunger
 Song of Slaying          Chrm           ##......     9%          2    ###....
 Ozocubu's Armour         Chrm/Ice       #.......     36%         3    ###....


Dungeon Overview and Level Annotations

Branches:
Dungeon (3/15)

Altars:

Annotations:
D:3 Robin


Innate Abilities, Weirdness & Mutations

You cannot wear boots.
Your serpentine skin is tough. (AC +1)
You have supernaturally acute eyesight. (SInv)
Armour fits poorly on your strangely shaped body.
Your system is resistant to poisons. (rPois)
You cover ground very slowly.
You have a slow metabolism.
You can spit poison.


Message History

* * * LOW HITPOINT WARNING * * *
Your shroud bends the rat's attack away.
The goblin hits you with a +0 club.
* * * LOW HITPOINT WARNING * * *
Your shroud falls apart!
The rat barely misses you.
Some of the chunks of flesh in your inventory have rotted away.
You closely miss the rat. The rat bites you but does no damage.
The goblin completely misses you.
As you read the scroll labeled MOVVUANIACH, it crumbles to dust.
It is a scroll of identify.
c - 4 scrolls of magic mapping The rat closely misses you.
The goblin hits you but does no damage.
It was a potion of might.
You feel very mighty all of a sudden. The rat bites you but does no damage.
The goblin closely misses you.
You hit the rat.
You kill the rat!
The goblin hits you with a +0 club!
You die...

####.# ..%.# #
.....###...?#.#
..####.>#........#
..........(....#.
♣.......#....###
#####...(...#
#..(...##.#
.♣.♣♣####g#..### .#
♣..P...@gg#..## #
.♣♣P.#####....# ♣
#.....# ♣♣♣♣♣
#...#...#
P§.♣.♣...###.#.##
K..§♣### ##.#..#
♣§§§####..##.##.###
♣P..................
♣P.<........#...###.


You could see Robin and 2 goblins.

Vanquished Creatures
  A hound (D:2)
  A gnoll (D:1)
  2 adders (D:2)
  An ooze (D:1)
  A worm (D:2)
  A dart slug (D:1)
  2 leopard geckos
  3 giant cockroaches
  5 hobgoblins
  2 jackals (D:1)
  8 kobolds
  2 ball pythons (D:1)
  5 bats (D:1)
  5 frilled lizards
  13 goblins
  4 rats
56 creatures vanquished.

Notes
Turn   | Place    | Note
-------+----------+-------------------------------------------
     0 | D:1      | Matador8 the Naga Skald began the quest for the Orb.
     0 | D:1      | Reached XP level 1. HP: 19/19 MP: 3/3
   445 | D:1      | Reached skill level 1 in Stealth
   445 | D:1      | Reached XP level 2. HP: 25/26 MP: 0/5
   458 | D:1      | Learned a level 2 spell: Shroud of Golubria
   750 | D:1      | Reached XP level 3. HP: 26/32 MP: 0/6
  1415 | D:1      | Learned a level 3 spell: Spectral Weapon
  1759 | D:2      | Reached skill level 1 in Translocations
  1759 | D:2      | Reached XP level 4. HP: 39/39 MP: 4/7
  2446 | D:2      | Reached XP level 5. HP: 30/45 MP: 6/8
  2559 | D:3      | Reached skill level 4 in Charms
  2589 | D:3      | Noticed Robin
  2618 | D:3      | Slain by a goblin

Illustrated notes

Levels and vault maps discovered:
D:1:      dpeg_cavernosity, layout_loops_ring, chequers_jeans,
          chequers_arboretum, st_stairs_10, minmay_worlds_worst_comb
D:2:      layout_rooms, first_ration
D:3:      wad_woods_tower, layout_rooms, gammafunk_temple_overflow_statue,
          uniq_terence, uniq_robin

Skill      XL: |  1  2  3  4  5 |
---------------+----------------+-----
Stealth        | 1 2 |  2.8
Translocations | 1 |  1.6
Polearms       | 3 |  3.2
Charms         | 4 |  4.0
Fighting       | |  2.0
Armour         | |  0.7
Dodging        | |  1.5
Spellcasting   | |  2.0

Action                   |  1- 3 |  4- 6 || total
-------------------------+-------+-------++-------
Melee: Spear             |   125 |    60 ||   185
 Cast: Infusion          |    13 |     5 ||    18
       Shroud of Golubri |       |    10 ||    10
 Abil: Spit Poison       |     6 |     7 ||    13
  Use: Potion            |     1 |     3 ||     4
       Scroll            |       |     1 ||     1
 Stab: Sleeping          |     1 |     1 ||     2
  Eat: Chunk             |     2 |     3 ||     5
Armor: Leather armour    |    34 |    28 ||    62
Dodge: Dodged            |    52 |    45 ||    97
